Map: 16 bits EC

Players

HoldTheDoor

  • Race: Protoss Protoss
  • League: Diamond
  • Spawn Location: 1:00

LafriKI - Winner!

  • Race: Protoss Protoss
  • League: Diamond
  • Spawn Location: 7:00

VOD

Have the link to the VOD?

Description

Time

  • Played on: July 12, 2018, 9:42 a.m.
  • Length: 5:45
Show
View Real Time Build Order
Export as new Build Order

HoldTheDoor Protoss 

Build Orders:  

Get SALT Encoding   

  12  0:01  Probe  
  13  0:13  Probe  
  14  0:18  Pylon  
  14  0:25  Probe  
  15  0:35  Probe  
  15  0:36  Gateway  
  16  0:43  Probe  
  16  0:46  Assimilator  
  17  0:53  Probe  
  18  0:59  Assimilator  
  18  1:05  Probe  
  19  1:17  Probe  
  20  1:30  Cybernetics Core  
  20  1:31  Probe  
  21  1:35  Pylon  
  21  1:42  Probe  
  22  1:50  Probe  
  23  2:08  Nexus  
  23  2:14  Stalker  
  25  2:20  Probe  
  26  2:25  Protoss Air Weapons Level 1  
  26  2:33  Pylon  
  26  2:38  Probe  
  27  2:49  Stargate  
  27  2:55  Stalker  
  27  2:58  Probe  
  30  3:07  Pylon  
  30  3:10  Probe  
  32  3:20  Probe, Pylon  
  32  3:26  Probe  
  33  3:30  Assimilator  
  33  3:32  Probe  
  34  3:41  Void Ray  
  38  3:48  Shield Battery  
  38  3:50  Probe  
  38  3:51  Probe  
  40  3:56  Shield Battery  
  40  4:01  Stalker  
  42  4:07  Probe  
  43  4:10  Probe  
  44  4:19  Probe  
  44  4:23  Probe  
  44  4:24  Void Ray  
  50  4:31  Probe  
  51  4:38  Assimilator  
  51  4:40  Probe  
  51  4:42  Stalker  
  54  4:54  Fleet Beacon  
  54  4:55  Probe  
  54  4:56  Probe  
  57  5:07  Probe  
  57  5:08  Probe  
  57  5:12  Pylon  
  58  5:19  Probe  
  58  5:21  Probe  
  64  5:26  Cybernetics Core  
  64  5:31  Probe  
Show
View Real Time Build Order
Export as new Build Order

LafriKI Protoss - Winner!

Build Orders:  

Get SALT Encoding   

  12  0:03  Probe  
  13  0:16  Probe  
  13  0:20  Pylon  
  14  0:27  Probe  
  15  0:35  Probe  
  15  0:40  Gateway  
  16  0:43  Probe  
  16  0:49  Assimilator  
  17  0:54  Probe  
  18  1:03  Gateway  
  18  1:06  Probe  
  19  1:18  Probe  
  20  1:30  Probe  
  20  1:32  Pylon  
  21  1:41  Pylon  
  21  1:42  Probe  
  22  1:55  Cybernetics Core  
  22  2:01  Assimilator  
  22  2:28  Warp Gate, Sentry  
  21  2:31  Nexus  
  21  2:34  Robotics Facility  
  23  2:53  Zealot  
  23  2:56  Pylon  
  27  3:03  Probe  
  27  3:04  Gateway  
  27  3:05  Gateway  
  28  3:11  Sentry, Probe  
  29  3:23  Immortal  
  29  3:24  Probe  
  33  3:32  Sentry  
  36  3:46  Zealot  
  38  3:53  Stalker  
  40  3:56  Pylon  
  40  4:03  Observer  
  40  4:09  Zealot  
  43  4:14  Immortal, Pylon  
  47  4:49  Pylon  
  47  5:01  Observer  
  48  5:07  Stalker x3  
  48  5:08  Stalker  
Tags
 
Matchup
PvP
Spawn Locations
Cross Positions
Add a new tag
Caveats
  • Supply blocks, unpowered buildings, or Contaminate may cause inaccurate times.
  • Supply counts are checked every 10 seconds.